 Dungeon Crawl Stone Soup version 0.17-a0-701-gb6462b4 (webtiles) character file.

672 FedoraBrony69 the Magician (level 7, -4/36 HPs)
             Began as a Deep Elf Conjurer on Apr 19, 2015.
             Slain by chequers's ghost (16 damage)
             ... on level 5 of the Dungeon.
             The game lasted 00:10:34 (3866 turns).

FedoraBrony69 the Magician (Deep Elf Conjurer)      Turns: 3866, Time: 00:10:34

Health: -4/36      AC:  3    Str:  5    XL:     7   Next: 32%
Magic:  1/28       EV: 13    Int: 25    God:
Gold:   275        SH:  0    Dex: 15    Spells: 3 memorised, 10 levels left

rFire  . . .     SeeInvis .     h - +2 mace (venom)
rCold  . . .     Clarity  .     a - +0 robe
rNeg   + . .     SustAb   .     (no shield)
rPois  .         Gourm    .     t - +0 helmet
rElec  .         Spirit   .     (no cloak)
rCorr  .         Warding  +     (no gloves)
rMut   .         Stasis   .     (no boots)
MR     .....                    f - amulet of warding
Stlth  ++........               y - +3 ring of intelligence
                                g - ring of magical power

@: very slightly contaminated, not resistant to hostile enchantments, unstealthy
A: no striking features
a: no special abilities


You were on level 5 of the Dungeon.
You were very hungry.

You visited 1 branch of the dungeon, and saw 5 of its levels.

You collected 275 gold pieces.

Inventory:

Hand weapons
 h - a +2 mace of venom (weapon)
 u - a +0 mace of venom
Armour
 a - a +0 robe (worn)
 t - a +0 helmet (worn)
Magical staves
 o - an uncursed staff of fire
Jewellery
 f - an amulet of warding (around neck)
 g - a ring of magical power (left hand)
 y - a +3 ring of intelligence (right hand)
Scrolls
 d - 2 scrolls of identify {unknown}
 e - a scroll of amnesia {unknown}
 j - 4 scrolls of teleportation {unknown}
 x - a scroll of noise {unknown}
 C - a scroll of fog {unknown}
 D - 3 scrolls of remove curse {unknown}
 E - a scroll of fear {unknown}
Potions
 i - 2 potions of haste {unknown}
 k - a potion of brilliance {unknown}
 l - a potion of invisibility {unknown}
 m - 4 potions of curing {unknown}
 q - a potion of heal wounds {unknown}
 r - 2 potions of mutation {unknown}
 s - 2 potions of resistance {unknown}
 v - a potion of beneficial mutation {unknown}
 w - a potion of might {unknown}
 z - a potion of cure mutation {unknown}
 A - a potion of lignification {unknown}
Books
 c - a book of Conjurations

   Spells                             Type                      Level
   a - Magic Dart                     Conjuration                  1
   b - Searing Ray                    Conjuration                  2
   c - Dazzling Spray                 Conjuration/Hexes            3
   d - Fulminant Prism                Conjuration/Hexes            4
   e - Iskenderun's Mystic Blast      Conjuration                  4
   f - Iskenderun's Battlesphere      Conjuration/Charms           5
Comestibles
 b - 6 bread rations
 n - 4 fruits
 p - a meat ration
 B - a beef jerky


   Skills:
 - Level 2.4 Dodging
 - Level 2.4 Stealth
 + Level 7.1 Spellcasting
 + Level 7.0 Conjurations
 * Level 5.1 Charms


You had 10 spell levels left.
You knew the following spells:

 Your Spells              Type           Power        Failure   Level  Hunger
a - Magic Dart            Conj           ####         1%          1    None
b - Iskenderun's Battles  Conj/Chrm      #####...     17%         5    #####..
c - Iskenderun's Mystic   Conj           #####...     4%          4    ###....


Dungeon Overview and Level Annotations

Branches:
Dungeon (5/15)
 Temple: D:4-7

Altars:
Okawaru
Qazlal

Shops:
D:4 (

Annotations:
D:5 chequers's ghost, experienced MiFi


Message History

Confirm with . or Enter, or press ? or * to list all spells.
Aiming: Magic Dart
Press: ? - help, Shift-Dir - straight line, f/p - chequers's ghost
Aim: chequers's ghost (almost destroyed)
The magic dart hits chequers's ghost.
Chequers's ghost is almost destroyed.
You are feeling very hungry.
Your battlesphere fires!
The barrage of energy hits chequers's ghost.
Chequers's ghost is almost destroyed.
Chequers's ghost hits you.
Casting: Magic Dart
Confirm with . or Enter, or press ? or * to list all spells.
Aiming: Magic Dart
Press: ? - help, Shift-Dir - straight line, f/p - chequers's ghost
Aim: chequers's ghost (almost destroyed)
You miscast Magic Dart.
Nothing appears to happen.
Chequers's ghost whispers, "Death doesn't hurt.
What you feel is life." Chequers's ghost hits you!
You die...

###+## #....# ..
#+##+#....#+##...
....*............#
.........<........
.....†.........#+#.
........@......+
.......?W......#
#+##+#....#+###
+....+ #....#
#..... #......
+...... ...


You could see chequers's ghost.

Vanquished Creatures
  Grinder (D:3)
  The ghost of FedoraBrony69 the Magician, an average DECj of Kikubaaqudgha (D:3)
  A giant frog (D:3)
  A giant frog skeleton (D:4)
  Ijyb (D:3)
  An orc wizard (D:4)
  3 worker ants (D:4)
  6 adders
  An ooze (D:2)
  2 worms
  5 giant geckos
  7 orcs (D:4)
  A bat skeleton (D:4)
  7 giant cockroaches
  10 hobgoblins
  10 jackals
  4 kobolds
  2 quokkas
  3 ball pythons
  8 bats
  3 giant newts
  9 goblins
  7 rats
94 creatures vanquished.

Notes
Turn   | Place    | Note
--------------------------------------------------------------
     0 | D:1      | FedoraBrony69, the Deep Elf Conjurer, began the quest for the Orb.
     0 | D:1      | Reached XP level 1. HP: 10/10 MP: 6/6
   290 | D:1      | Reached XP level 2. HP: 15/15 MP: 8/8
   848 | D:2      | Reached XP level 3. HP: 11/19 MP: 10/10
  1041 | D:2      | Found an iron altar of Okawaru.
  1068 | D:2      | Reached skill level 5 in Conjurations
  1380 | D:2      | Reached XP level 4. HP: 24/24 MP: 12/12
  1482 | D:2      | Learned a level 4 spell: Iskenderun's Mystic Blast
  1552 | D:3      | Noticed FedoraBrony69's ghost (average DECj)
  1944 | D:3      | Noticed Grinder
  1948 | D:3      | Noticed Ijyb
  1980 | D:3      | Reached skill level 5 in Spellcasting
  2044 | D:3      | Noticed a giant frog
  2046 | D:3      | Killed a giant frog
  2046 | D:3      | Reached XP level 5. HP: 24/28 MP: 15/15
  2064 | D:3      | Learned a level 5 spell: Iskenderun's Battlesphere
  2364 | D:4      | Reached skill level 6 in Conjurations
  2577 | D:4      | Reached XP level 6. HP: 32/32 MP: 13/17
  2896 | D:4      | Found a stormy altar of Qazlal.
  2904 | D:4      | Reached skill level 1 in Charms
  3099 | D:4      | Found Noepsubb's Weapon Shop.
  3542 | D:3      | Killed Ijyb
  3671 | D:3      | Killed Grinder
  3671 | D:3      | Reached XP level 7. HP: 20/36 MP: 6/19
  3788 | D:3      | Killed FedoraBrony69's ghost
  3788 | D:3      | Reached skill level 7 in Spellcasting
  3788 | D:3      | Reached skill level 5 in Charms
  3855 | D:5      | Entered Level 5 of the Dungeon
  3858 | D:5      | Noticed chequers's ghost (experienced MiFi)
  3866 | D:5      | Slain by chequers's ghost

Action                   |  1- 3 |  4- 6 |  7- 9 || total
-------------------------+-------+-------+-------++-------
Melee: Mace              |     3 |     2 |       ||     5
 Cast: Magic Dart        |   109 |   105 |     3 ||   217
       Iskenderun's Myst |       |    20 |     5 ||    25
       Iskenderun's Batt |       |       |     2 ||     2
  Eat: Chunk             |     1 |     9 |     1 ||    11
